 Dungeon Crawl Stone Soup version 0.24.0-123-gd5b16e6ec5 (webtiles) character file.

Game seed: 8457709280485832860, levelgen mode: deterministic

67 Brozuf the Cutter (level 4, 0/29 HPs)
             Began as a Halfling Warper on Dec 19, 2019.
             Slain by an orc wizard
             ... wielding a +0 dagger
              (2 damage)
             ... on level 3 of the Dungeon.
             The game lasted 00:07:11 (3234 turns).

Brozuf the Cutter (Halfling Warper)                 Turns: 3234, Time: 00:07:11

Health: 0/29       AC:  4    Str: 13    XL:     4   Next: 40%
Magic:  6/6        EV: 14    Int: 11    God:
Gold:   146        SH:  0    Dex: 13    Spells: 2/6 levels left

rFire    . . .     SeeInvis .   a - +0 short sword
rCold    . . .     Gourm    .   (shield restricted)
rNeg     . . .     Faith    .   l - +0 leather armour
rPois    .         Spirit   .   (no helmet)
rElec    .         Reflect  .   (no cloak)
rCorr    .         Harm     .   (no gloves)
MR       .....                  o - +0 pair of boots
Stlth    +.........             (no amulet)
HPRegen  0.09/turn              (no ring)
MPRegen  0.10/turn              (no ring)

@: no status effects
A: small, mutation resistance 1
a: no special abilities


You were on level 3 of the Dungeon.
You were not hungry.

You visited 1 branch of the dungeon, and saw 3 of its levels.

You collected 146 gold pieces.

Inventory:

Hand Weapons
 a - a +0 short sword (weapon)
 b - a +0 hunting sling
   (You found it on level 1 of the Dungeon)
Missiles
 f - 5 boomerangs of dispersal {!f}
 g - 32 stones (quivered)
 m - 15 boomerangs
Armour
 l - a +0 leather armour (worn)
 o - a +0 pair of boots (worn)
   (You found it on level 1 of the Dungeon)
 q - a +0 ring mail of cold resistance
   (You found it on level 2 of the Dungeon)
Jewellery
 i - an uncursed ring of poison resistance {unknown}
   (You found it on level 1 of the Dungeon)
 p - an uncursed ring of poison resistance {unknown}
   (You found it on level 2 of the Dungeon)
 t - an uncursed ring of wizardry {unknown}
   (You found it on level 2 of the Dungeon)
 w - an uncursed ring of wizardry {unknown}
   (You found it on level 3 of the Dungeon)
Scrolls
 d - 2 scrolls of blinking
 h - 2 scrolls of remove curse {unknown}
 j - 2 scrolls of magic mapping {unknown}
 k - a scroll of immolation {unknown}
 n - 2 scrolls of identify {unknown}
 s - a scroll of enchant armour {unknown}
 u - a scroll of noise {unknown}
 y - a scroll of enchant weapon {unknown}
Potions
 c - 2 potions of degeneration {unknown}
 r - 2 potions of heal wounds {unknown}
 v - a potion of mutation {unknown}
Comestibles
 e - 5 rations {!d}
 x - a chunk of flesh


   Skills:
 - Level 1.7 Fighting
 - Level 3.5 Short Blades
 * Level 2.5(2.7) Slings
 - Level 1.0(1.4) Throwing
 + Level 2.3 Armour
 - Level 2.1 Dodging
 - Level 1.5 Spellcasting
 + Level 0.8 Charms
 + Level 3.4 Translocations


You had 2 spell levels left.
You knew the following spells:

 Your Spells              Type           Power        Failure   Level  Hunger
b - Blink                 Tloc           N/A          14%         2    ###....
q - Shroud of Golubria    Chrm/Tloc      #.....       24%         2    ###....

Your spell library contained the following spells:

 Spells                   Type           Power        Failure   Level  Hunger
 Gell's Gravitas          Tloc           #.........   28%         3    ####...
 Lesser Beckoning         Tloc           #.........   28%         3    ####...
 Teleport Other           Tloc           #.......     28%         3    ####...
 Passage of Golubria      Tloc           N/A          67%         4    #####..


Dungeon Overview and Level Annotations

Branches:
Dungeon (3/15)

Altars:

Annotations:
D:2 exclusion: downstairs


Innate Abilities, Weirdness & Mutations

You are small and have problems with some larger weapons.
You are somewhat resistant to further mutation.


Message History

You shoot a stone.
The stone hits the orc but does no damage.
Firing (i - inventory. (/) - cycle)
g - 38 stones (quivered)
Aim: an orc, wielding a +0 short sword and wearing a +0 ring mail (moderately wounded)
You shoot a stone. The stone hits the orc.
You kill the orc!
Firing (i - inventory. (/) - cycle)
g - 37 stones (quivered)
Aim: an orc priest, wielding a +0 dagger and wearing a +0 leather armour You shoot a stone.
The stone hits the orc priest.
Firing (i - inventory. (/) - cycle)
g - 36 stones (quivered)
Aim: an orc priest, wielding a +0 dagger and wearing a +0 leather armour (lightly wounded)
You shoot a stone. The stone hits the orc priest.
The orc priest calls down the wrath of Beogh upon you.
Beogh smites you!
Firing (i - inventory. (/) - cycle)
g - 35 stones (quivered)
Aim: an orc priest, wielding a +0 dagger and wearing a +0 leather armour (moderately wounded)
You shoot a stone. The stone hits the orc priest.
The orc priest misses you.
Firing (i - inventory. (/) - cycle)
g - 34 stones (quivered)
Aim: an orc priest, wielding a +0 dagger and wearing a +0 leather armour (moderately wounded)
You shoot a stone.
The stone hits the orc priest but does no damage.
The orc priest hits you but does no damage.
Firing (i - inventory. (/) - cycle)
g - 33 stones (quivered)
Aim: an orc priest, wielding a +0 dagger and wearing a +0 leather armour (moderately wounded)
You shoot a stone.
The stone closely misses the orc priest.
The orc priest hits you with a +0 dagger.
* * * LOW HITPOINT WARNING * * *
You are too injured to fight recklessly!
a - a +0 short sword (weapon)
You hit the orc priest.
The orc priest hits you but does no damage.
You hit the orc priest.
The orc priest mumbles some strange prayers to Beogh against you.
Beogh smites you!
* * * LOW HITPOINT WARNING * * *
You barely miss the orc priest.
The orc wizard gestures wildly while chanting.
The orc wizard flickers and vanishes!
Deactivating autopickup; reactivate with Ctrl-A.
The orc priest hits you but does no damage.
You closely miss the orc priest. The orc priest misses you.
You hit the orc priest but do no damage.
The orc priest barely misses you.
You hit the orc priest but do no damage.
The orc priest hits you with a +0 dagger.
* * * LOW HITPOINT WARNING * * *
You completely miss the orc priest. Something hits you.
You die...

...>#....# #..≈≈≈≈≈≈≈
##o......## #..≈≈≈≈≈≈≈
##......(## #...≈≈≈≈≈≈
###......((## #######...≈≈≈.≈.
...........(###........≈≈≈≈♣_.
.#.(........(.#.......≈≈≈≈≈♣
(...........().[.).....≈≈≈≈≈≈≈
(.#.#.....#.............≈≈≈≈≈≈
..(....(.(.÷.((o@.....≈≈≈≈≈≈≈≈
...............÷......≈......≈
...#....................≈.≈≈.≈
..........#.............####
.....((.)...............#
####.(#####......########
##..# ######## ##.# #.#


You could see an orc priest.

Vanquished Creatures
  A worm (D:2)
  2 dart slugs (D:1)
  3 leopard geckos
  7 orcs
  A giant cockroach (D:1)
  3 goblins
  9 hobgoblins
  2 jackals (D:3)
  A quokka (D:2)
  5 bats
  2 frilled lizards (D:1)
  5 kobolds (D:1)
  4 rats
45 creatures vanquished.

Notes
Turn   | Place    | Note
-------+----------+-------------------------------------------
     0 | D:1      | Brozuf the Halfling Warper began the quest for the Orb.
     0 | D:1      | Reached XP level 1. HP: 14/14 MP: 3/3
   448 | D:1      | Reached XP level 2. HP: 14/19 MP: 4/4
   797 | D:1      | Reached XP level 3. HP: 17/24 MP: 5/5
  1073 | D:1      | Reached skill level 1 in Slings
  1213 | D:1      | Learned a level 2 spell: Blink
  1216 | D:1      | Learned a level 2 spell: Shroud of Golubria
  2475 | D:2      | Reached XP level 4. HP: 29/29 MP: 6/6
  3143 | D:3      | Found a faded altar of an unknown god.
  3234 | D:3      | Slain by an orc wizard

Levels and vault maps discovered:
D:1:      mrwooster_arrival_arrow, layout_basic, kennysheep_minor_cross,
          kennysheep_flooded_box, roderic_serpentine_path
D:2:      layout_basic
D:3:      layout_rooms, chequers_ecumenical_altar_island

Skill      XL: |  1  2  3 |
---------------+----------+-----
Short Blades   | 3 |  3.5
Slings         | 2 |  2.5
Armour         | 2 |  2.3
Fighting       | |  1.7
Throwing       | |  1.0
Dodging        | |  2.1
Spellcasting   | |  1.5
Charms         | |  0.8
Translocations | |  3.4

Action                   |  1- 3 |  4- 6 || total
-------------------------+-------+-------++-------
Melee: Short sword       |   132 |    28 ||   160
 Fire: Hunting sling     |    25 |    43 ||    68
  Eat: Chunk             |     4 |     3 ||     7
Armor: Leather armour    |    30 |    17 ||    47
Dodge: Dodged            |    98 |    40 ||   138
